AoeStats
← 公鸡神探

Black Forest

507054302Analyzed
4v4 RM · 17d ago on Sep 16, 2026· 28m 1s· 8 players
Game mode
Random Map
Map size
Large (8 player)
Population
200
Speed
Normal
Resources
Standard
Victory
Conquest
Starting age
Dark Age
Ending age
Imperial Age
RankedLock teamsTeams togetherTeam positionsShared explorationLock speedFull tech treeHidden civsTurbo modeCheats
Victory
Defeat
🇨🇳 Sicilians · China
1235
+15
🇨🇳 Inca · China
1219
+15
1114
+20
🇨🇳 Turks · China
1065
+22
🇨🇳 Persians · China
1262
-20
🇨🇳 Bohemians · China
1193
-18
🇨🇳 Britons · China
1168
-17
🇨🇳 Koreans · China
1167
-17
apple11
0:53 Loom
12:31 Feudal Age
17:44 Fletching
29:30 Castle Age
27:39 Double-Bit Axe
27:58 Horse Collar
-d
7:25 Loom
12:07 Feudal Age
17:25 Castle Age
16:29 Stone Mining
18:16 Fletching
22:47 Horse Collar
26:38 Wheelbarrow
26:46 Heavy Plow
26:58 Double-Bit Axe
FM
0:33 Loom
13:26 Feudal Age
13:55 Double-Bit Axe
14:15 Horse Collar
20:02 Castle Age
21:15 Heavy Plow
21:26 Bow Saw
22:17 Fervor
小传奇
10:57 Feudal Age
14:28 Castle Age
12:33 Double-Bit Axe
12:58 Horse Collar
16:42 Bow Saw
21:37 Town Watch
22:41 Wheelbarrow
24:08 Loom
24:39 Hand Cart
24:47 Heavy Plow
30:33 Imperial Age
28:02 Stone Mining
28:04 Gold Mining
叶的第八章
12:50 Feudal Age
16:55 Castle Age
15:32 Double-Bit Axe
15:46 Horse Collar
24:44 Wheelbarrow
24:46 Heavy Plow
25:49 Bow Saw
无甲的joe
1:22 Loom
9:22 Feudal Age
16:22 Fletching
25:27 Castle Age
公鸡神探
13:36 Feudal Age
17:31 Castle Age
15:47 Double-Bit Axe
16:36 Horse Collar
17:40 Gold Mining
19:01 Heavy Plow
19:13 Bow Saw
翻斗花园突破手绫小路
12:00 Feudal Age
12:43 Double-Bit Axe
15:40 Castle Age
13:42 Horse Collar
16:57 Wheelbarrow
20:04 Bow Saw
19:55 Heavy Plow
25:13 Gold Mining
25:16 Stone Mining
26:24 Ballistics
26:50 Hand Cart
26:22 Loom
26:22 Town Watch
27:36 Gold Shaft Mining
28:25 Town Patrol
28:44 Thumb Ring
Connection lost

Rejoining the realm…

Still unreachable

The connection could not be restored.

Session expired

The server has moved on; the page needs a fresh start.